 Dungeon Crawl Stone Soup version 0.28.0 (webtiles) character file.

Game seed: 16222879662980626363

91 tizbic2 the Chopper (level 4, 0/39 HPs)
             Began as a Hill Orc Wanderer on Feb 6, 2022.
             Succumbed to an adder's poison
             ... on level 2 of the Dungeon.
             The game lasted 00:07:43 (1941 turns).

tizbic2 the Chopper (Hill Orc Wanderer)             Turns: 1941, Time: 00:07:44

Health: 0/39       AC:  2    Str: 13    XL:     4   Next: 57%
Magic:  4/4        EV: 11    Int: 12    God:
Gold:   11         SH:  0    Dex: 13    Spells: 3/3 levels left

rFire   . . .      SeeInvis .   w - +0 hand axe
rCold   . . .      Faith    .   (no shield)
rNeg    . . .      Spirit   .   f - +0 robe
rPois   .          Reflect  .   (no helmet)
rElec   .          Harm     .   (no cloak)
rCorr   .          Rampage  .   (no gloves)
Will    .....                   (no boots)
Stlth   ++........              (no amulet)
HPRegen 0.13/turn               (no ring)
MPRegen 0.09/turn               (no ring)

@: lethally poisoned (0 -> -3)
A: no striking features
a: no special abilities


You were on level 2 of the Dungeon.
You visited 1 branch of the dungeon, and saw 2 of its levels.

You collected 11 gold pieces.

Inventory:

Hand Weapons
 q - a +0 hunting sling
 w - a +0 hand axe (weapon)
Missiles
 h - 32 stones (quivered)
Armour
 f - a +0 robe (worn)
Wands
 e - a wand of polymorph (4)
Potions
 b - a potion of magic {unknown}


   Skills:
 - Level 3.6 Fighting
 * Level 6.9 Axes
 - Level 1.5 Stealth
 - Level 2.0 Evocations


You had 3 spell levels left.
You didn't know any spells.
Your spell library was empty.

Dungeon Overview and Level Annotations

Branches:
Dungeon (2/15)

Altars:
Qazlal


Message History

Terence hits you but does no damage.
You hit Terence.
Terence is almost dead.
Terence hits you with a +0 short sword.
You hit Terence but do no damage.
Terence is almost dead.
Terence hits you with a +0 short sword!
You barely miss Terence.
Terence is almost dead.
Terence hits you with a +0 short sword.
* * * LOW HITPOINT WARNING * * *
You hit Terence.
Terence is almost dead.
Terence hits you with a +0 short sword.
* * * LOW HITPOINT WARNING * * *
You hit Terence.
You kill Terence!
The adder bites you but does no damage.
You slash the adder!
The adder is severely wounded.
The adder bites you.
* * * LOW HITPOINT WARNING * * *
You miss the adder.
The adder is severely wounded.
The adder bites you but does no damage.
You closely miss the adder.
The adder is severely wounded.
The adder barely misses you. The adder closely misses you.
You miss the adder.
The adder is severely wounded.
The adder misses you.
You barely miss the adder.
The adder is severely wounded.
The adder bites you.
* * * LOW HITPOINT WARNING * * *
You are lethally poisoned!
The adder poisons you!
You barely miss the adder.
The adder is severely wounded.
You die...

# #.# ##.
#.# #..
#(# #.#
#.#
#.#######
#.#
#.#......
#.#
#.....#
#)#
#.....#
#S#
..._..#
#@#
......#
#.#
......#
#.#
####.##
#.# #.#
#.# ##.#
#.#
###..#
#.#
.....#
#.#
.##.##
#.#


You could see an adder.

Vanquished Creatures
  Terence (D:2)
  2 adders (D:2)
  A worm (D:2)
  A dart slug (D:1)
  4 endoplasms
  5 goblins
  4 hobgoblins
  2 quokkas (D:1)
  6 ball pythons
  4 bats (D:1)
  2 frilled lizards (D:2)
  4 kobolds
  7 rats
43 creatures vanquished.

Notes
Turn   | Place    | Note
-------+----------+-------------------------------------------
     0 | D:1      | tizbic2 the Hill Orc Wanderer began the quest for the Orb.
     0 | D:1      | tizbic2 set off with the following items: a +0 dagger, an
                  | atropa-tipped dart, a datura-tipped dart, a +0 hand axe, a
                  | wand of polymorph (4), a +0 robe
     0 | D:1      | Reached XP level 1. HP: 19/19 MP: 1/1
   150 | D:1      | Reached XP level 2. HP: 26/26 MP: 2/2
   256 | D:1      | Reached skill level 5 in Axes
   930 | D:1      | Reached XP level 3. HP: 26/31 MP: 3/3
  1369 | D:2      | Reached skill level 6 in Axes
  1628 | D:2      | Reached XP level 4. HP: 16/39 MP: 4/4
  1798 | D:2      | Found a stormy altar of Qazlal.
  1848 | D:2      | Found a faded altar of an unknown god.
  1915 | D:2      | Noticed Terence
  1934 | D:2      | Killed Terence
  1940 | D:2      | HP: 1/39 [adder (1)]
  1941 | D:2      | Succumbed to an adder's poison

Illustrated notes

Levels and vault maps discovered:
D:1:      minmay_arrival_diagonal_passages, layout_loops_cross
D:2:      layout_loops_ring, nicolae_ecumenical_pavilion, basic_altar,
          uniq_terence, uniq_jessica

Skill      XL: |  1  2  3 |
---------------+----------+-----
Axes           | 5 6 |  6.9
Fighting       | |  3.6
Stealth        | |  1.5
Evocations     | |  2.0

Action                   |  1- 3 |  4- 6 || total
-------------------------+-------+-------++-------
Melee: Hand axe          |   119 |    28 ||   147
       Punch             |     2 |       ||     2
 Fire: Hunting sling     |       |     5 ||     5
Throw: Stone             |    16 |       ||    16
       Dart              |     2 |       ||     2
  Use: Scroll            |     3 |     1 ||     4
       Potion            |     2 |       ||     2
 Stab: Sleeping          |     7 |       ||     7
       Distracted        |     1 |       ||     1
Armor: Robe              |    28 |     3 ||    31
Dodge: Dodged            |    70 |    14 ||    84
